 Dungeon Crawl Stone Soup version 0.30-a0-341-g682706514a (webtiles) character file.

Game seed: 17227786453036220091

1274 retardedninja the Chopper (level 8, -6/72 (73) HPs)
             Began as a Hill Orc Fighter on Nov 3, 2022.
             Was an Initiate of Gozag.
             Engulfed by a steam dragon's steam (17 damage)
             ... on level 6 of the Dungeon.
             The game lasted 00:06:39 (5487 turns).

retardedninja the Chopper (Hill Orc Fighter)        Turns: 5487, Time: 00:06:39

HP:   -6/72 (73)    AC:  9    Str: 21    XL:     8   Next: 53%
MP:   8/8           EV:  9    Int: 12    God:    Gozag
Gold: 367           SH:  5    Dex: 10    Spells: 7/7 levels left

rFire   . . .      SeeInvis .    o - +5 hammer of a sewer {vorpal, rN+ Int+4}
rCold   . . .      Faith    .    c - +0 buckler
rNeg    + . .      Spirit   .    b - +0 scale mail
rPois   .          Reflect  .    (no helmet)
rElec   .          Harm     .    d - +0 cloak
rCorr   .          Rampage  .    (no gloves)
Will    .....                    (no boots)
Stlth   ..........               h - amulet of the acrobat
HPRegen 0.32/turn                (no ring)
MPRegen 0.11/turn                (no ring)

@: lightly drained
A: no striking features
a: Renounce Religion, Potion Petition, Call Merchant, Bribe Branch


You were on level 6 of the Dungeon.
You worshipped Gozag.
Gozag was aware of your devotion.
You visited 2 branches of the dungeon, and saw 7 of its levels.

You collected 410 gold pieces.
You paid 43 gold pieces to Gozag.

Inventory:

Hand Weapons
 a - a +0 war axe
 o - the +5 hammer of a sewer (weapon) {vorpal, rN+ Int+4}
   (You found it on level 2 of the Dungeon)

   It inflicts extra damage upon your enemies.
   Int:       It affects your intelligence (+4).
   rN:        It protects you from negative energy.
Armour
 b - a +0 scale mail (worn)
 c - a +0 buckler (worn)
 d - a +0 cloak (worn)
Jewellery
 h - an amulet of the acrobat (around neck)
 w - a ring of positive energy
Wands
 r - a wand of flame (13)
 z - a wand of acid (2)
Scrolls
 e - a scroll of enchant armour {unknown}
 f - 6 scrolls of identify {unknown}
 g - 2 scrolls of blinking {unknown}
 j - 2 scrolls of vulnerability {unknown}
 k - 2 scrolls of magic mapping {unknown}
 q - 3 scrolls of enchant weapon {unknown}
 t - a scroll of butterflies {unknown}
 v - a scroll of fear {unknown}
 y - a scroll of silence {unknown}
Potions
 i - 2 potions of flight {unknown}
 l - 2 potions of attraction
 n - a potion of curing {unknown}
 s - 2 potions of magic {unknown}
 u - a potion of lignification {unknown}
 x - a potion of mutation {unknown}
 A - a potion of brilliance {unknown}
 B - a potion of resistance {unknown}


   Skills:
 + Level 7.0 Fighting
 + Level 7.0 Axes
 + Level 6.4 Armour
 + Level 6.3 Shields


You had 7 spell levels left.
You didn't know any spells.
Your spell library contained the following spells:

 Spells                   Type           Power      Damage    Failure   Level
 Borgnjor's Vile Clutch   Necr/Erth      0%         N/A       100%        5
 Death Channel            Necr           0%         N/A       100%        6
 Animate Dead             Necr           Unusable   N/A       N/A         4

Dungeon Overview and Level Annotations

Branches:
Dungeon (6/15)             Temple (1/1) D:4

Altars:
Ashenzari
Dithmenos
Fedhas
Gozag
Makhleb
Nemelex Xobeh
Ru
Trog
Uskayaw


Message History

You hit the steam dragon but do no damage.
The steam dragon is heavily wounded.
The steam dragon breathes steam at you. The ball of steam hits you!
You are too injured to fight recklessly!
You're standing in a cloud of steam!
You're standing in a cloud of steam!
You are too injured to fight recklessly!
You hit the steam dragon.
The steam dragon is heavily wounded.
You are engulfed in a cloud of scalding steam.
The steam dragon bites you.
The steam dragon claws you but does no damage.
You closely miss the steam dragon.
The steam dragon is heavily wounded.
You are engulfed in a cloud of scalding steam.
The steam dragon breathes steam at you. The ball of steam hits you!!
* * * LOW HITPOINT WARNING * * *
The steam dragon barely misses you. The steam dragon closely misses you.
You feel much better.
You are engulfed in a cloud of scalding steam.
The steam dragon barely misses you. You block the steam dragon's attack.
You closely miss the steam dragon.
The steam dragon is heavily wounded.
You are engulfed in a cloud of scalding steam.
The steam dragon misses you. You block the steam dragon's attack.
You hit the steam dragon.
The steam dragon is severely wounded.
The steam dragon bites you. The steam dragon closely misses you.
You closely miss the steam dragon.
The steam dragon is severely wounded.
The steam dragon breathes steam at you. The ball of steam hits you!
* * * LOW HITPOINT WARNING * * *
You closely miss the steam dragon.
The steam dragon is severely wounded.
You are engulfed in a cloud of scalding steam.
You die...
Your body crumbles into a pile of gold.

#....#.#<.#...#.###
#####[...#.#..###.#.#
+........#.#........#
####.....#.#.####(###
#.....#.#.####.#
#..§..#.#......#
+..§....########
##..###.# ##@# #.#
#D# #.# #.. #.#
##.##.# .##.# .##.#
.. ##


You could see a steam dragon (catching breath).

Vanquished Creatures
  The ghost of bakla the Sneak, an amateur DEDe of Sif Muna (D:5)
  A steam dragon (D:6)
  A black bear (D:4)
  A sky beast (D:6)
  An ogre (D:6)
  2 phantoms (D:5)
  4 wights (D:6)
  A jelly (D:6)
  Crazy Yiuf (D:2)
  2 hounds
  2 iguanas
  9 adders
  A shadow imp (D:5)
  2 worms
  5 orcs
  5 ball pythons
  7 bats
  3 endoplasms
  3 giant cockroaches
  9 goblins
  6 hobgoblins
  2 jackals (D:1)
  7 kobolds
  5 quokkas
  3 frilled lizards
  6 rats
90 creatures vanquished.

Notes
Turn   | Place    | Note
-------+----------+-------------------------------------------
     0 | D:1      | retardedninja the Hill Orc Fighter began the quest for the
                  | Orb.
     0 | D:1      | Reached XP level 1. HP: 19/19 MP: 1/1
   172 | D:1      | Reached XP level 2. HP: 27/27 MP: 2/2
   709 | D:1      | Reached XP level 3. HP: 32/33 MP: 3/3
  1429 | D:2      | Reached XP level 4. HP: 36/40 MP: 4/4
  1626 | D:2      | Found a runed translucent door.
  1627 | D:2      | Noticed Crazy Yiuf
  1646 | D:2      | Found a faded altar of an unknown god.
  1902 | D:2      | Killed Crazy Yiuf
  1903 | D:2      | Reached XP level 5. HP: 36/47 MP: 5/5
  1908 | D:2      | Identified the +5 hammer of a sewer {vorpal, rN+ Int+4}
  1976 | D:3      | Found a sacrificial altar of Ru.
  1993 | D:3      | Found a blossoming altar of Fedhas.
  2113 | D:3      | Found a shadowy altar of Dithmenos.
  2381 | D:4      | Noticed a black bear
  2394 | D:4      | Killed a black bear
  2611 | D:4      | Reached skill level 5 in Fighting
  2611 | D:4      | Reached XP level 6. HP: 55/56 MP: 6/6
  3344 | D:4      | Found a staircase to the Ecumenical Temple.
  3503 | Temple   | Entered the Ecumenical Temple
  3584 | Temple   | Became a worshipper of Gozag Ym Sagoz the Greedy
  3619 | D:5      | Entered Level 5 of the Dungeon
  3845 | D:5      | Reached skill level 5 in Axes
  3845 | D:5      | Reached skill level 5 in Armour
  3871 | D:5      | Reached skill level 5 in Shields
  3871 | D:5      | Reached XP level 7. HP: 61/61 MP: 7/7
  3984 | D:5      | Found a runed translucent door.
  3989 | D:5      | Noticed bakla's ghost (amateur DEDe)
  4316 | D:5      | Killed bakla's ghost
  4522 | D:6      | Noticed a steam dragon
  4536 | D:6      | Killed a steam dragon
  4537 | D:6      | Reached XP level 8. HP: 38/71 MP: 8/8
  5487 | D:6      | Engulfed by a steam dragon's steam

Illustrated notes

Levels and vault maps discovered:
D:1:      co_arrival_two_rings, layout_basic, minmay_pentomino_s2
D:2:      layout_basic, shapermc_ecumenical_altar_venn, uniq_crazy_yiuf_cottage
D:3:      layout_basic, fedhas_ov_isle_minmay, lemuel_tele_altar,
          mainiacjoe_overflow_small_starburst
D:4:      layout_rooms, lemuel_temple_firewalk_b, dreamdust_princess_bridge
D:5:      layout_loops_ring, ebering_ghost_reflecting_pool,
          minmay_misc_feat_encased
D:6:      layout_basic
Temple:   nicolae_temple_slightly_damp_pantheon

Skill      XL: |  1  2  3  4  5  6  7  8 |
---------------+-------------------------+-----
Axes           | 3 4 5 6 7 |  7.0
Fighting       | 4 5 6 7 |  7.0
Armour         | 4 5 6 |  6.4
Shields        | 4 5 6 |  6.3

Action                   |  1- 3 |  4- 6 |  7- 9 || total
-------------------------+-------+-------+-------++-------
Melee: War axe           |   109 |    40 |       ||   149
       Mace              |       |    66 |    73 ||   139
  Use: Potion            |       |     1 |     5 ||     6
 Stab: Distracted        |     1 |       |       ||     1
Armor: Scale mail        |    60 |    44 |    28 ||   132
Dodge: Dodged            |    59 |    54 |    36 ||   149
Block: Buckler           |    22 |    37 |    23 ||    82

Table legend: (Time is in decaauts)
 A = Elapsed time spent in this place.
 B = Non-inter-level travel time spent in this place.
 C = Inter-level travel time spent in this place.
 D = Time resting spent in this place.
 E = Time spent auto-exploring this place.
 F = Levels seen in this place.
 G = Mean time per level.
                   A        B        C        D        E       F      G
               +--------+--------+--------+--------+--------+-----+--------+
         Total |   5586 |   5477 |    109 |   1422 |   3299 |   7 |  798.0 |
       Dungeon |   5490 |   5394 |     96 |   1422 |   3231 |   6 |  915.0 |
        Temple |     95 |     82 |     13 |      0 |     68 |   1 |   95.0 |
               +--------+--------+--------+--------+--------+-----+--------+

Top non-repeatable levels by time:
     D:4: 1173 daAuts
     D:6: 1142 daAuts
     D:2: 1037 daAuts
     D:1: 994 daAuts
     D:5: 754 daAuts
     D:3: 388 daAuts
  Temple: 95 daAuts
